 Dungeon Crawl Stone Soup version 0.28-a0-1206-g193881aaa2 (webtiles) character file.

Game seed: 14868240266596099709

175 sanka the Cudgeller (level 5, -2/43 HPs)
             Began as a Palentonga Abyssal Knight on Dec 20, 2021.
             Was a Believer of Lugonu.
             Slain by a mummy (17 damage)
             ... in an ossuary.
             The game lasted 00:06:12 (4738 turns).

sanka the Cudgeller (Palentonga Abyssal Knight)     Turns: 4738, Time: 00:06:13

Health: -2/43      AC:  4    Str: 18    XL:     5   Next: 29%
Magic:  6/6        EV:  8    Int: 10    God:    Lugonu [**....]
Gold:   72         SH:  5    Dex: 11    Spells: 4/4 levels left

rFire   . . .      SeeInvis +   a - +1 mace
rCold   . . .      Faith    .   n - +2 buckler
rNeg    . . .      Spirit   .   b - +0 leather armour
rPois   .          Reflect  .   (no helmet)
rElec   .          Harm     .   (no cloak)
rCorr   +          Rampage  .   (no gloves)
Will    .....                   (no barding)
Stlth   +.........              j - amulet of the acrobat
HPRegen 0.14/turn               p - ring of resist corrosion
MPRegen 0.10/turn               (no ring)

@: no status effects
A: large, rugged brown scales 3, see invisible, deformed body, roll 1, armoured
tail
a: Rolling Charge, Renounce Religion, Depart the Abyss, Bend Space


You were in an ossuary.
You worshipped Lugonu.
Lugonu was pleased with you.
You visited 1 branch of the dungeon, and saw 4 of its levels.
You visited the Abyss 1 time.
You also visited: Ossuary.

You collected 72 gold pieces.


Innate Abilities, Weirdness & Mutations

You are completely covered in rugged brown scales. (AC +3, +7% HP)
You have supernaturally acute eyesight. (SInv)
Armour fits poorly on your strangely shaped body.
You can roll at nearby foes to attack.
You have a long armoured tail.


   Skills:
 - Level 3.0 Fighting
 + Level 5.3 Maces & Flails
 - Level 1.5 Armour
 - Level 0.7 Dodging
 + Level 0.3 Shields
 * Level 2.4 Invocations


You had 4 spell levels left.
You didn't know any spells.
Your spell library contained the following spells:

 Spells                   Type           Power      Damage    Failure   Level
 Shock                    Conj/Air       0%         1d3       56%         1
 Swiftness                Air            0%         N/A       91%         3
 Airstrike                Air            0%         N/A       100%        4

Inventory:

Hand Weapons
 a - a +1 mace (weapon)
Armour
 b - a +0 leather armour (worn)
 n - a +2 buckler (worn)
Jewellery
 j - an amulet of the acrobat (around neck)
 p - a ring of resist corrosion (left hand)
Scrolls
 d - a scroll of amnesia {unknown}
 g - a scroll of teleportation {unknown}
 i - 2 scrolls of blinking
 k - a scroll of fog
 l - a scroll of silence {!r}
Potions
 c - a potion of cancellation {unknown}
 e - a potion of lignification {unknown}
 f - a potion of might {unknown}
 h - a potion of ambrosia {unknown}
 m - a potion of mutation {unknown}
 o - a potion of heal wounds {unknown}

Dungeon Overview and Level Annotations

Branches:
Dungeon (4/15)            Ossuary (1/1)
 Temple: D:4-7

Altars:
Xom

Annotations:
D:3 2 runed translucent doors, Subbak's ghost, amateur TeAE

▒▒▒▒▒▒▒▒▒▒▒▒▒▒▒▒
▒▒.....M.MMM....▒▒
▒▒......▒▒▒▒.M....▒▒
▒......▒▒..▒▒......▒
▒....M▒▒....▒▒.....▒
▒.....MH...........▒
▒▒......°°........▒▒
▒▒..............▒▒
▒'▒▒........▒▒'▒
▒▒..▒▒......▒▒ .▒
▒▒....▒▒....▒▒ ..
▒▒......▒....▒ ...
▒£......▒....▒ ?!£
▒£.!....▒....▒


You could see 2 mummies.


Message History

Lugonu accepts your kill. The mummy completely misses you.
You block the mummy's attack. The mummy barely misses you.
Found a scroll labelled LEETAKHL XALUMO.
You roll forward with a clatter of scales!
You completely miss the mummy. The mummy hits you but does no damage.
You roll forward with a clatter of scales!
You barely miss the mummy.
You roll forward with a clatter of scales!
You thump the mummy!
Your tail-slap misses the mummy.
The mummy is heavily damaged.
The mummy hits you!
* * * LOW HITPOINT WARNING * * *
You roll forward with a clatter of scales!
You completely miss the mummy.
The mummy is heavily damaged.
You block the mummy's attack.
You roll forward with a clatter of scales!
You hit the mummy but do no damage.
Your tail-slap misses the mummy.
The mummy is heavily damaged.
The mummy closely misses you.
You hit the mummy. You tail-slap the mummy.
The mummy is severely damaged.
The mummy hits you!
You die...

Action                   |  1- 3 |  4- 6 || total
-------------------------+-------+-------++-------
Melee: Mace              |   117 |   110 ||   227
       Tailslap          |    13 |    18 ||    31
Invok: Depart the Abyss  |     1 |       ||     1
 Abil: Rolling Charge    |     1 |    10 ||    11
  Use: Scroll            |       |     3 ||     3
 Stab: Sleeping          |       |     1 ||     1
Armor: Leather armour    |    50 |    39 ||    89
Dodge: Dodged            |    56 |    62 ||   118
Block: Buckler           |       |    10 ||    10

Levels and vault maps discovered:
D:1:      dpeg_arrival_solitude, layout_basic, minmay_misc_feat_hallway
D:2:      layout_basic, ebering_ecumenical_altar_rust, hangedman_decor_opposing
D:3:      layout_loops_ring, ebering_ghost_disaster_area
D:4:      layout_rooms, lemuel_crystal_altar, mainiacjoe_overflow_alcove_4,
          enter_ossuary_3, uniq_crazy_yiuf_cottage
Ossuary:  ossuary_tomb_3

Notes
Turn   | Place    | Note
-------+----------+-------------------------------------------
     0 | Abyss:1  | sanka the Palentonga Abyssal Knight began the quest for the
                  | Orb.
     0 | Abyss:1  | Reached XP level 1. HP: 19/19 MP: 2/2
    51 | Abyss:1  | Noticed a small abomination
    54 | Abyss:1  | Noticed a spatial vortex
    56 | Abyss:1  | Noticed a hell hound
    65 | Abyss:1  | Noticed a spatial vortex
    72 | Abyss:1  | HP: 1/19 [hell hound/blast of flame (11)]
    73 | D:1      | Escaped the Abyss
   702 | D:1      | Reached XP level 2. HP: 25/25 MP: 3/3
   906 | D:1      | Reached skill level 3 in Maces & Flails
  1096 | D:1      | Reached * piety under Lugonu
  1628 | D:1      | Reached XP level 3. HP: 31/31 MP: 4/4
  2232 | D:2      | Reached skill level 4 in Maces & Flails
  2681 | D:2      | Reached XP level 4. HP: 36/37 MP: 5/5
  3243 | D:2      | Found a faded altar of an unknown god.
  3605 | D:3      | Reached ** piety under Lugonu
  3705 | D:3      | Reached skill level 5 in Maces & Flails
  3751 | D:3      | Found a large runed translucent door.
  3751 | D:3      | Found a large runed translucent door.
  3757 | D:3      | Noticed Subbak's ghost (amateur TeAE)
  3952 | D:3      | Reached XP level 5. HP: 35/43 MP: 6/6
  4371 | D:4      | Found a shimmering altar of Xom.
  4453 | D:4      | Found a sand-covered staircase.
  4477 | Ossuary  | Entered an ossuary
  4738 | Ossuary  | Slain by a mummy

Vanquished Creatures
  2 mummies (Ossuary)
  7 adders
  A worm zombie (D:4)
  2 worms (D:2)
  2 dart slugs
  5 ball pythons
  7 bats
  6 endoplasms
  A giant cockroach (D:2)
  7 goblins
  A hobgoblin (D:1)
  12 jackals
  3 quokkas
  5 frilled lizards
  A gnoll zombie (Ossuary)
  A hobgoblin zombie (Ossuary)
  3 kobolds
  2 kobold zombies (Ossuary)
  4 orc zombies (Ossuary)
  3 rats
75 creatures vanquished.
